 Dungeon Sprint DCSS version 0.30-a0-34-gbe8da3892a (webtiles) character file.

Game seed: 16732006202804181911

5896 mhtbhm the Earth Mage (level 10, -10/54 HPs)
             Began as a Gargoyle Earth Elementalist on Aug 27, 2022.
             Was a High Priest of Vehumet.
             Mangled by Urug
             ... wielding a +1 eveningstar of freezing
              (18 damage)
             ... in the Dungeon (Sprint III: "The Ten Rune Challenge").
             The game lasted 00:05:33 (3078 turns).

mhtbhm the Earth Mage (Gargoyle Earth Elementalist) Turns: 3078, Time: 00:05:34

Health: -10/54     AC: 10    Str: 11    XL:     10   Next: 82%
Magic:  22/29      EV: 13    Int: 21    God:    Vehumet [*****.]
Gold:   23         SH:  0    Dex: 10    Spells: 29/39 levels left

rFire   . . .      SeeInvis .    (no weapon)
rCold   + . .      Faith    .    (no shield)
rNeg    + . .      Spirit   .    a - +0 robe
rPois   ∞          Reflect  .    (no helmet)
rElec   +          Harm     .    p - +0 cloak
rCorr   .          Rampage  .    (no gloves)
Will    .....      NoTele   +    (no boots)
Stlth   +++.......               (no amulet)
HPRegen 0.18/turn                (no ring)
MPRegen 0.21/turn                (no ring)

@: no status effects
A: sickness immunity, AC +7, negative energy resistance 1, electricity
resistance, torment resistance 1, petrification resistance, cold resistance 1
a: Renounce Religion


You were in the Dungeon.
You worshipped Vehumet.
Vehumet was extremely pleased with you.
You visited 1 branch You collected 23 gold pieces.

Inventory:

Armour
 a - a +0 robe (worn)
 p - a +0 cloak (worn)
Scrolls
 g - a scroll of blinking
 j - a scroll of torment {unknown}
 k - 2 scrolls of identify {unknown}
 m - a scroll of poison {unknown}
Potions
 b - 4 potions of magic
 c - a potion of curing
 e - a potion of haste
 f - 2 potions of berserk rage
 h - 2 potions of degeneration {unknown}
 i - a potion of cancellation {unknown}
 l - 2 potions of flight {unknown}
 n - 3 potions of mutation
Miscellaneous
 o - a box of beasts


   Skills:
 + Level 2.6 Fighting
 + Level 5.5 Dodging
 + Level 5.1 Stealth
 + Level 15.0 Spellcasting
 + Level 7.7 Conjurations
 + Level 1.8 Transmutations
 + Level 19.2 Earth Magic
 + Level 1.3 Evocations


You had 29 spell levels left.
You knew the following spells:

 Your Spells              Type           Power      Damage    Failure   Level
a - Sandblast             Erth           100%       2d20      0%          1
b - Passwall              Tmut/Erth      46%        N/A       1%          2
c - Stone Arrow           Conj/Erth      100%       3d13      1%          3
d - Petrify               Tmut/Erth      56%        N/A       1%          4

Your spell library contained the following spells:

 Spells                   Type           Power      Damage    Failure   Level
 Ozocubu's Refrigeration  Ice            7%         4d9       99%         7
 Ensorcelled Hibernation  Hex/Ice        30%        N/A       6%          2
 Swiftness                Air            15%        N/A       12%         3
 Malign Gateway           Summ/Tloc      7%         N/A       100%        7
 Summon Horrible Things   Summ           7%         N/A       100%        8


Dungeon Overview and Level Annotations

Branches:
Dungeon (1/1)

Altars:
Cheibriados
Dithmenos
Elyvilon
Fedhas
Gozag
Hepliaklqana
Kikubaaqudgha
Makhleb
Nemelex Xobeh
Okawaru
Qazlal
Ru
Sif Muna
Trog
Uskayaw
Vehumet
Wu Jian
Xom
Yredelemnul
Zin
The Shining One
Jiyva
Lugonu

Annotations:
D Urug


Innate Abilities, Weirdness & Mutations

You are immune to sickness and miasma.
Your stone body is resilient. (AC +7)
You are immune to poison.
You resist negative energy. (rN+)
You are resistant to electric shocks. (rElec)
You are resistant to unholy torment.
You are immune to petrification.
Your flesh is cold resistant. (rC+)


Message History

Press: ? - help, Shift-Dir - straight line, f - Urug
Aim: Urug, wielding a +1 eveningstar of freezing, wearing a +0 chain mail and quivering javelins (wandering, hasn't noticed you, 75% to hit)
Okay, then.
You start resting.
Magic restored.
You start resting.
HP restored.
You strike the helpless Urug from behind!
You hit Urug but do no damage.
Urug hits you with a +1 eveningstar of freezing!!
Urug freezes you.
Unknown command.
What are your orders? t - Shout!
Orders for allies: a - Attack new target. r - Retreat! s - Stop attacking. g - Guard the area. f - Follow me.
Anything else - Cancel.
Okay, then.
Okay, then.
Casting: Stone Arrow (safe; 1% risk of failure)
Confirm with . or Enter, or press ? or * to list all spells.
Aiming: Stone Arrow (safe; 1% risk of failure)
Press: ? - help, Shift-Dir - straight line, f - Urug
Aim: Urug, wielding a +1 eveningstar of freezing, wearing a +0 chain mail and quivering javelins (75% to hit)
The stone arrow hits Urug!
Urug is moderately wounded.
Urug hits you with a +1 eveningstar of freezing!!
* * * LOW HITPOINT WARNING * * *
Urug freezes you.
* * * LOW HITPOINT WARNING * * *
Okay, then.
Casting: Stone Arrow (safe; 1% risk of failure)
Confirm with . or Enter, or press ? or * to list all spells.
Aiming: Petrify (dangerous; 1% risk of failure)
Press: ? - help, Shift-Dir - straight line, f/p - Urug
Aim: Urug, wielding a +1 eveningstar of freezing, wearing a +0 chain mail and quivering javelins (moderately wounded, chance to affect: 57%) Urug is moving more slowly.
Urug hits you with a +1 eveningstar of freezing!!
You die...

.....#.).#__#...'##.#.#)##)#.)##.
#....#___#__'...#...#..#..##..'†.
▓▓▓▓▓▓▓▓▓▓▓▓▓▓▓▓▓▓▓▓▓▓▓▓▓▓▓▓▓▓#.^
♣.....♣♣♣♣~~†........~~~...#^^
♣.≈≈≈≈'♣♣'♣≈≈≈≈≈≈≈≈≈≈≈≈♣♣P.'..
+....†#.~♣♣♣♣♣♣♣♣♣♣♣♣♣♣♣♣PP#..
♣♣♣♣♣♣#..♣♣ ♣♣♣##+ ###'♣♣♣♣♣
♣♣♣♣.##.@## ♣...##.##o#
♣♣.##.##.## ♣..#.##. ♣♣†##.##
♣♣.##†# ♣.....# #######


You could see Urug (petrifying).

Vanquished Creatures
  Erolcha (D)
  A lindwurm (D)
  A deep elf pyromancer (D)
  A rime drake (D)
  A komodo dragon (D)
  3 wandering mushrooms (D)
  2 tyrant leeches (D)
  A shadow (D)
  5 redbacks (D)
  A spatial vortex (D)
  A swamp drake (D)
  5 two-headed ogres (D)
  A necrophage (D)
  A water elemental (D)
  A jelly (D)
  Jessica (D)
  A wizard (D)
  A necromancer (D)
  3 humans (D)
  A kobold demonologist (D)
  A phantom (D)
  3 rats (D)
37 creatures vanquished.

Vanquished Creatures (collateral kills)
  2 cane toads (D)
2 creatures vanquished.

Grand Total: 39 creatures vanquished

Notes
Turn   | Place    | Note
-------+----------+-------------------------------------------
     0 | D        | mhtbhm the Gargoyle Earth Elementalist began the quest for
                  | the Orb.
     0 | D        | Reached XP level 1. HP: 10/10 MP: 3/3
    93 | D        | Noticed Jessica
    98 | D        | Killed Jessica
    99 | D        | Reached skill level 5 in Earth Magic
    99 | D        | Reached XP level 2. HP: 15/15 MP: 1/6
    99 | D        | Reached XP level 3. HP: 19/19 MP: 1/7
   231 | D        | Learned a level 2 spell: Passwall
   235 | D        | Learned a level 3 spell: Stone Arrow
   292 | D        | Reached skill level 6 in Earth Magic
   404 | D        | Gained mutation: You are somewhat resistant to further
                  | mutation. [potion of mutation]
   404 | D        | Gained mutation: You are weak. (Str -2) [potion of
                  | mutation]
   405 | D        | Lost mutation: You are somewhat resistant to further
                  | mutation. [potion of mutation]
   405 | D        | Lost mutation: You are weak. (Str -2) [potion of mutation]
   405 | D        | Gained mutation: Your flesh is cold resistant. (rC+)
                  | [potion of mutation]
   427 | D        | Noticed a water elemental
   431 | D        | Killed a water elemental
   432 | D        | Reached skill level 5 in Spellcasting
   432 | D        | Reached skill level 8 in Earth Magic
   432 | D        | Reached XP level 4. HP: 18/24 MP: 6/11
   545 | D        | Learned a level 4 spell: Petrify
   553 | D        | Found a radiant altar of Vehumet.
   553 | D        | Found a shimmering blue altar of Sif Muna.
   553 | D        | Found an ancient bone altar of Kikubaaqudgha.
   553 | D        | Noticed a wizard
   554 | D        | Killed a wizard
   555 | D        | Reached skill level 9 in Earth Magic
   555 | D        | Reached XP level 5. HP: 28/28 MP: 11/13
   561 | D        | Became a worshipper of Vehumet
   659 | D        | Found a basalt altar of Yredelemnul.
   659 | D        | Found a shadowy altar of Dithmenos.
   659 | D        | Found a sacrificial altar of Ru.
   665 | D        | Reached skill level 10 in Earth Magic
   665 | D        | Reached XP level 6. HP: 26/32 MP: 6/15
   761 | D        | Found a glowing silver altar of Zin.
   761 | D        | Found a glowing golden altar of the Shining One.
   761 | D        | Found a white marble altar of Elyvilon.
   761 | D        | Noticed a deep elf pyromancer
   763 | D        | Killed a deep elf pyromancer
   763 | D        | Reached * piety under Vehumet
   763 | D        | Offered knowledge of Freeze by Vehumet.
   764 | D        | Reached skill level 1 in Conjurations
   764 | D        | Reached skill level 13 in Earth Magic
   764 | D        | Reached XP level 7. HP: 37/37 MP: 9/19
   836 | D        | Noticed a shadow
   837 | D        | Killed a shadow
   840 | D        | Reached skill level 10 in Spellcasting
   929 | D        | Found a blossoming altar of Fedhas.
   929 | D        | Found a stormy altar of Qazlal.
   929 | D        | Found a snail-covered altar of Cheibriados.
   929 | D        | Found a burning altar of Makhleb.
   929 | D        | Found a shimmering altar of Xom.
   930 | D        | Found a hazy altar of Hepliaklqana.
   930 | D        | Found an opulent altar of Gozag.
   930 | D        | Found a sparkling altar of Nemelex Xobeh.
   930 | D        | Found a corrupted altar of Lugonu.
   930 | D        | Found a viscous altar of Jiyva.
   930 | D        | Noticed a spatial vortex
   934 | D        | Killed a spatial vortex
   934 | D        | Reached ** piety under Vehumet
   934 | D        | Offered knowledge of Magic Dart by Vehumet.
   935 | D        | Reached skill level 1 in Fighting
   935 | D        | Reached skill level 14 in Earth Magic
   935 | D        | Reached XP level 8. HP: 43/43 MP: 8/22
  1006 | D        | Found a hide-covered altar of Uskayaw.
  1006 | D        | Found an iron altar of Okawaru.
  1006 | D        | Found a bloodstained altar of Trog.
  1006 | D        | Found an ornate altar of the Wu Jian Council.
  1120 | D        | Offered knowledge of Poisonous Vapours by Vehumet.
  1123 | D        | Reached *** piety under Vehumet
  1124 | D        | Reached skill level 15 in Earth Magic
  1341 | D        | Noticed a two-headed ogre
  1344 | D        | HP: 2/43 [two-headed ogre/+0 giant club (16)]
  1345 | D        | Killed a two-headed ogre
  1345 | D        | Offered knowledge of Inner Flame by Vehumet.
  1346 | D        | Reached XP level 9. HP: 3/47 MP: 14/24
  1642 | D        | Noticed Erolcha
  1643 | D        | Noticed a two-headed ogre
  1646 | D        | Killed Erolcha
  1647 | D        | Reached skill level 16 in Earth Magic
  1650 | D        | Killed a two-headed ogre
  1651 | D        | Reached skill level 5 in Stealth
  1651 | D        | Reached skill level 17 in Earth Magic
  1847 | D        | Reached **** piety under Vehumet
  1847 | D        | Offered knowledge of Ignite Poison by Vehumet.
  1848 | D        | Reached skill level 5 in Conjurations
  1900 | D        | Noticed a wandering mushroom
  1904 | D        | Noticed a wandering mushroom
  1909 | D        | Killed a wandering mushroom
  1910 | D        | Noticed a wandering mushroom
  1916 | D        | Killed a wandering mushroom
  1917 | D        | Reached XP level 10. HP: 53/53 MP: 8/27
  2014 | D        | Reached ***** piety under Vehumet
  2015 | D        | Reached skill level 5 in Dodging
  2165 | D        | Noticed a cane toad
  2165 | D        | Noticed a cane toad
  2169 | D        | Killed a cane toad
  2169 | D        | Offered knowledge of Ozocubu's Refrigeration by Vehumet.
  2170 | D        | Reached skill level 1 in Evocations
  2172 | D        | Killed a cane toad
  2173 | D        | Reached skill level 18 in Earth Magic
  2187 | D        | Reached skill level 1 in Transmutations
  2859 | D        | Noticed a lindwurm
  2863 | D        | Killed a lindwurm
  2864 | D        | Reached skill level 19 in Earth Magic
  2923 | D        | Reached skill level 15 in Spellcasting
  2935 | D        | Noticed Urug
  3078 | D        | Mangled by Urug

Illustrated notes

Levels and vault maps discovered:
D:        dungeon_sprint_mu [sprint_mu_entry_cave, sprint_mu_temple_rooms,
          sprint_mu_d1_spiders, sprint_mu_d2_genie, sprint_mu_d3_branching,
          sprint_mu_orc_legion, sprint_mu_elf_gauntlet, sprint_mu_hive_nellie,
          sprint_mu_lair_fedhas, sprint_mu_vaults_butterflies,
          sprint_mu_slime_circle, sprint_mu_swamp_cave, sprint_mu_shoals_archi,
          sprint_mu_blade_basic, sprint_mu_crypt_fortress,
          sprint_mu_tomb_spiral, sprint_mu_vestibule_basic,
          sprint_mu_gehenna_hellfire, sprint_mu_dis_giant,
          sprint_mu_tartarus_statrot, sprint_mu_cocytus_islands, sprint_mu_zot1]

Skill      XL: |  1  2  3  4  5  6  7  8  9 10 |
---------------+-------------------------------+-----
Dodging        | 2 3 4 5 |  5.5
Spellcasting   | 3 5 6 9 10 11 13 15 | 15.0
Earth Magic    | 5 8 9 10 13 14 15 17 19 | 19.2
Stealth        | 3 4 5 |  5.1
Conjurations   | 1 2 3 5 7 |  7.7
Fighting       | 1 2 |  2.6
Evocations     | 1 |  1.3
Transmutations | 1 |  1.8

Action                   |  1- 3 |  4- 6 |  7- 9 | 10-12 || total
-------------------------+-------+-------+-------+-------++-------
Melee: Unarmed           |       |       |       |     1 ||     1
 Cast: Sandblast         |    19 |     8 |    10 |    14 ||    51
       Stone Arrow       |       |     3 |    37 |    25 ||    65
       Petrify           |       |       |       |     5 ||     5
Evoke: Box of beasts     |       |       |     1 |     1 ||     2
  Use: Potion            |     2 |       |       |     2 ||     4
 Stab: Distracted        |       |       |       |     1 ||     1
Armor: Robe              |     2 |     3 |     2 |     5 ||    12
Dodge: Dodged            |     6 |     2 |     5 |    19 ||    32

Table legend: (Time is in decaauts)
 A = Elapsed time spent in this place.
 B = Non-inter-level travel time spent in this place.
 C = Inter-level travel time spent in this place.
 D = Time resting spent in this place.
 E = Time spent auto-exploring this place.
 F = Levels seen in this place.
 G = Mean time per level.
                   A        B        C        D        E       F      G
               +--------+--------+--------+--------+--------+-----+--------+
         Total |   3116 |   3116 |      0 |   2574 |     35 |   1 | 3116.0 |
       Dungeon |   3116 |   3116 |      0 |   2574 |     35 |   1 | 3116.0 |
               +--------+--------+--------+--------+--------+-----+--------+

Top non-repeatable levels by time:
       D: 3116 daAuts
